 Dungeon Sprint DCSS version 0.26-a0-690-gcb57259078 (webtiles) character file.

Game seed: 3894347999144585338

15718 sahdkjhfkaj the Fetichist (level 12, -39/113 HPs)
             Began as a Minotaur Hunter on Oct 23, 2020.
             Was the Champion of Okawaru.
             Annihilated by a boulder beetle (55 damage)
             ... in the Dungeon (Sprint IX: "|||||||||||||||||||||||||||||").
             The game lasted 00:07:09 (2409 turns).

sahdkjhfkaj the Fetichist (Minotaur Hunter)         Turns: 2409, Time: 00:07:10

Health: -39/113    AC: 17    Str: 22    XL:     12   Next: 3%
Magic:  17/17      EV: 13    Int:  8    God:    Okawaru [******]
Gold:   1930       SH:  0    Dex: 11    Spells: 11/11 levels left

rFire    . . .     SeeInvis .   o - +3 war axe (vorpal)
rCold    . . .     Faith    .   (no shield)
rNeg     . . .     Spirit   .   p - +1 chain mail
rPois    .         Reflect  .   c - +0 hat of Miracles {MR++ Regen+}
rElec    .         Harm     .   a - +0 cloak
rCorr    .         Rampage  .   (no gloves)
MR       +....     NoTele   +   (no boots)
Stlth    ..........             (no amulet)
HPRegen  0.68/turn              q - +2 ring of protection
MPRegen  0.15/turn              C - ring of protection from magic

@: vulnerable
A: retaliatory headbutt, horns 2
a: Heroism, Finesse, Renounce Religion


You were in the Dungeon.
You worshipped Okawaru.
Okawaru was exalted by your worship.
You visited 1 branch You collected 1930 gold pieces.

Inventory:

Hand Weapons
 o - a +3 vorpal war axe (weapon)
Armour
 a - a +0 cloak (worn)
 c - the +0 hat of Miracles (worn) {MR++ Regen+}
   (Okawaru gifted it to you in the Dungeon)

   It affects your resistance to hostile enchantments.
   It increases your rate of regeneration.
 p - a +1 chain mail (worn)
Jewellery
 b - a +3 ring of strength
 q - a +2 ring of protection (left hand)
 C - a ring of protection from magic (right hand)
 D - an uncursed ring of see invisible
 E - an uncursed ring of ice
 F - an uncursed ring of poison resistance
Wands
 n - a wand of iceblast (4)
 x - a wand of polymorph (6)
 y - a wand of flame (4)
Scrolls
 j - a scroll of blinking
 l - 4 scrolls of remove curse
 m - 2 scrolls of amnesia
 u - 3 scrolls of identify
 v - 2 scrolls of fear
 H - a scroll of fog
 I - 2 scrolls of enchant weapon
Potions
 e - 5 potions of curing {!q}
 f - 3 potions of heal wounds {!q}
 g - 3 potions of haste {!q}
 h - 4 potions of magic {!q}
 i - a potion of berserk rage {!q}
 k - a potion of invisibility {!q}
 r - 2 potions of brilliance {!q}
 s - 2 potions of resistance {!q}
 t - 2 potions of stabbing {!q}
 z - a potion of might {!q}
 G - a potion of mutation {!q}
Miscellaneous
 w - a tin of tremorstones (2/3)


   Skills:
 + Level 12.7 Fighting
 - Level 10.0 Axes
 * Level 14.9 Throwing
 + Level 12.4 Armour
 + Level 11.7 Dodging
 - Level 0.7 Stealth
 - Level 8.0 Invocations
 - Level 15.0 Evocations


You had 11 spell levels left.
You didn't know any spells.
Your spell library was empty.

Dungeon Overview and Level Annotations

Branches:
Dungeon (1/1)

Altars:
Cheibriados
Dithmenos
Elyvilon
Fedhas
Gozag
Hepliaklqana
Kikubaaqudgha
Makhleb
Nemelex Xobeh
Okawaru
Qazlal
Ru
Sif Muna
Trog
Uskayaw
Vehumet
Wu Jian
Xom
Yredelemnul
Zin
The Shining One
Beogh
Jiyva
Lugonu

Shops:
D [:=[


Innate Abilities, Weirdness & Mutations

You reflexively headbutt those who attack you in melee.
You have a pair of horns on your head.


Message History

You close the door.
A boulder beetle is nearby!
Evoke which item? (* to show all) (? for menu, Esc to quit)
The tremorstone explodes into fragments!
The burst of rock shards engulfs the boulder beetle but does no damage. x3
The burst of rock shards engulfs you.
* * * LOW HITPOINT WARNING * * *
The burst of rock shards engulfs the boulder beetle but does no damage. x2
Unknown command.
Unknown command.
Unknown command.
Evoke which item? (* to show all) (? for menu, Esc to quit)
Aiming: Iceblast
Press: ? - help, Shift-Dir - straight line, f - boulder beetle
Aim: a boulder beetle (heavily wounded)
The mass of ice explodes!
The iceblast engulfs the boulder beetle!!
The boulder beetle is severely wounded.
The boulder beetle hits you!!!
You die...

▓...▓...▓...▓<▓
▓.▓.▓.▓.▓.▓.▓.▓
▓.▓.▓.▓.▓.▓.▓.▓
▓.▓.▓.▓.▓.▓.▓.▓
▓°▓.▓.▓.▓.▓.▓†▓
▓°▓.▓.▓.▓.▓.▓.▓
▓○▓.▓.▓.▓.▓.▓)▓
▓B▓.▓.▓.▓'▓.▓.▓
▓@▓.▓.▓.▓.▓.▓.▓
▓+▓.▓.▓.▓.▓.▓.▓
▓.▓.▓.▓.▓.▓.▓'▓
▓.▓.▓.▓.▓.▓.▓.▓
▓.▓.▓[▓)▓.▓.▓.▓
▓D▓.▓'▓.▓.▓.▓.▓
▓.▓.▓)▓.▓.▓.▓.▓
▓V▓.▓)▓.▓÷▓.▓)▓
▓)▓.▓.▓.▓÷▓.▓'▓


You could see a boulder beetle.

Vanquished Creatures
  Gastronok (D)
  Harold (D)
  A hydra (D)
  3 centaur warriors (D)
  6 orc high priests (D)
  An orc knight (D)
  An orc sorcerer (D)
  2 elephants (D)
  Joseph (D)
  Psyche (D)
  A black mamba (D)
  A cane toad (D)
  A komodo dragon (D)
  3 yaks (D)
  Eustachio (D)
  A basilisk (D)
  3 wargs (D)
  5 water moccasins (D)
  11 orc warriors (D)
  A phantom (D)
  A black bear (D)
  An ice beast (D)
  2 centaurs (D)
  5 wolves (D)
  6 bullfrogs (D)
  A scorpion (D)
  A wight (D)
  A hound (D)
  11 orc priests (D)
  A jelly (D)
  3 orc wizards (D)
  An iguana (D)
  2 worker ants (D)
  An adder (D)
  An adder skeleton (D)
  A dart slug (D)
  6 orcs (D)
  A giant cockroach (D)
  A hobgoblin (D)
  A jackal (D)
  A ball python (D)
  A frilled lizard (D)
  A rat (D)
97 creatures vanquished.

Notes
Turn   | Place    | Note
-------+----------+-------------------------------------------
     0 | D        | sahdkjhfkaj the Minotaur Hunter began the quest for the
                  | Orb.
     0 | D        | Reached XP level 1. HP: 18/18 MP: 0/0
     6 | D        | Reached skill level 1 in Armour
   107 | D        | Noticed an iguana
   107 | D        | Noticed a worker ant
   110 | D        | Reached XP level 2. HP: 18/26 MP: 1/1
   111 | D        | Reached skill level 5 in Throwing
   111 | D        | Reached XP level 3. HP: 23/33 MP: 2/2
   352 | D        | Found a roughly hewn altar of Beogh.
   352 | D        | Found a snail-covered altar of Cheibriados.
   352 | D        | Found a shadowy altar of Dithmenos.
   352 | D        | Found a white marble altar of Elyvilon.
   352 | D        | Found a blossoming altar of Fedhas.
   352 | D        | Found an opulent altar of Gozag.
   353 | D        | Found a hazy altar of Hepliaklqana.
   354 | D        | Found a viscous altar of Jiyva.
   355 | D        | Found an ancient bone altar of Kikubaaqudgha.
   356 | D        | Found a corrupted altar of Lugonu.
   357 | D        | Found a burning altar of Makhleb.
   358 | D        | Found a sparkling altar of Nemelex Xobeh.
   359 | D        | Found an iron altar of Okawaru.
   360 | D        | Found a stormy altar of Qazlal.
   361 | D        | Found a sacrificial altar of Ru.
   362 | D        | Found a shimmering blue altar of Sif Muna.
   363 | D        | Found a bloodstained altar of Trog.
   364 | D        | Found a hide-covered altar of Uskayaw.
   365 | D        | Found a radiant altar of Vehumet.
   366 | D        | Found an ornate altar of the Wu Jian Council.
   367 | D        | Became a worshipper of Warmaster Okawaru
   368 | D        | Found a shimmering altar of Xom.
   369 | D        | Found a basalt altar of Yredelemnul.
   370 | D        | Found a glowing silver altar of Zin.
   371 | D        | Found a glowing golden altar of the Shining One.
   421 | D        | Noticed a yak
   421 | D        | Noticed an ice beast
   422 | D        | Reached skill level 5 in Axes
   422 | D        | Reached XP level 4. HP: 41/41 MP: 3/3
   426 | D        | Killed an ice beast
   426 | D        | Reached skill level 10 in Axes
   426 | D        | Reached XP level 5. HP: 37/47 MP: 4/4
   427 | D        | Reached skill level 5 in Fighting
   430 | D        | Killed a yak
   430 | D        | Reached * piety under Okawaru
   430 | D        | Reached skill level 5 in Armour
   430 | D        | Reached skill level 5 in Dodging
   430 | D        | Reached XP level 6. HP: 28/58 MP: 5/5
   634 | D        | Reached ** piety under Okawaru
   634 | D        | Reached XP level 7. HP: 63/66 MP: 6/6
   783 | D        | Noticed a black mamba
   783 | D        | Noticed a yak
   793 | D        | Reached skill level 10 in Throwing
   801 | D        | Reached skill level 1 in Invocations
   801 | D        | Reached skill level 2 in Evocations
   801 | D        | Reached skill level 3 in Evocations
   802 | D        | Killed a black mamba
   802 | D        | Reached *** piety under Okawaru
   802 | D        | Reached skill level 5 in Evocations
   802 | D        | Reached XP level 8. HP: 31/74 MP: 6/10
   802 | D        | Reached skill level 6 in Evocations
   803 | D        | Reached skill level 5 in Invocations
   803 | D        | Reached skill level 7 in Evocations
   813 | D        | Noticed a six-headed hydra
  1009 | D        | Killed a six-headed hydra
  1009 | D        | Reached **** piety under Okawaru
  1009 | D        | Received a gift from Okawaru
  1009 | D        | Reached skill level 9 in Evocations
  1009 | D        | Reached XP level 9. HP: 81/81 MP: 11/13
  1041 | D        | Noticed a cane toad
  1041 | D        | Noticed an elephant
  1042 | D        | Reached skill level 10 in Evocations
  1043 | D        | Killed a cane toad
  1043 | D        | Noticed an elephant
  1044 | D        | Noticed a komodo dragon
  1045 | D        | Reached skill level 11 in Evocations
  1046 | D        | Killed an elephant
  1046 | D        | Reached ***** piety under Okawaru
  1049 | D        | Reached skill level 12 in Evocations
  1052 | D        | Killed a komodo dragon
  1052 | D        | Received a gift from Okawaru
  1054 | D        | Killed an elephant
  1054 | D        | Reached skill level 13 in Evocations
  1054 | D        | Reached XP level 10. HP: 82/88 MP: 15/15
  1123 | D        | Reached skill level 14 in Evocations
  1321 | D        | Noticed Harold
  1332 | D        | Killed Harold
  1332 | D        | Reached skill level 15 in Evocations
  1369 | D        | Noticed Joseph
  1387 | D        | Killed Joseph
  1474 | D        | Noticed Psyche
  1478 | D        | Killed Psyche
  1507 | D        | Noticed an orc sorcerer
  1510 | D        | Killed an orc sorcerer
  1654 | D        | Noticed an orc knight
  1655 | D        | Received a gift from Okawaru
  1657 | D        | Killed an orc knight
  1657 | D        | Received a gift from Okawaru
  1659 | D        | Reached XP level 11. HP: 84/99 MP: 16/16
  1684 | D        | Reached skill level 10 in Fighting
  1943 | D        | Found Yfoebev's Armour Emporium.
  1943 | D        | Noticed an orc high priest
  1943 | D        | Noticed an orc high priest
  1946 | D        | Killed an orc high priest
  1946 | D        | Reached skill level 10 in Armour
  1946 | D        | Noticed an orc high priest
  1947 | D        | Killed an orc high priest
  1947 | D        | Reached ****** piety under Okawaru
  1951 | D        | Noticed an orc high priest
  1953 | D        | Found Kyluiggo's Book Shoppe.
  1956 | D        | Killed an orc high priest
  1956 | D        | Received a gift from Okawaru
  1956 | D        | Reached skill level 10 in Dodging
  1963 | D        | Killed an orc high priest
  1978 | D        | Noticed an orc high priest
  1982 | D        | Killed an orc high priest
  1998 | D        | Noticed an orc high priest
  2002 | D        | Killed an orc high priest
  2134 | D        | Got a steaming hat {god gift}
  2142 | D        | Identified the +0 hat of Miracles {MR++ Regen+} (Okawaru
                  | gifted it to you in the Dungeon)
  2145 | D        | Found Zelocol's Jewellery Emporium.
  2149 | D        | Found Umalitut's Antique Armour Shoppe.
  2205 | D        | Noticed Eustachio
  2213 | D        | Killed Eustachio
  2249 | D        | Noticed Gastronok
  2259 | D        | Killed Gastronok
  2352 | D        | Noticed a centaur warrior
  2352 | D        | Noticed a centaur warrior
  2352 | D        | Noticed a centaur warrior
  2354 | D        | Noticed a boulder beetle
  2355 | D        | Killed a centaur warrior
  2356 | D        | Killed a centaur warrior
  2357 | D        | Killed a centaur warrior
  2357 | D        | Reached XP level 12. HP: 88/113 MP: 17/17
  2358 | D        | Noticed a fire dragon
  2362 | D        | Noticed a vampire mage
  2364 | D        | Noticed a rakshasa
  2367 | D        | Noticed a jiangshi
  2409 | D        | Annihilated by a boulder beetle

Illustrated notes

Levels and vault maps discovered:
D:        linesprint [early_d, line_temple, items_1, d_10, items_2, lair_1,
          lair_end, items_3, orc_1, orc_end, items_4, d_15, swamp_1, shoals_1,
          snake_1, spider_1, d_20, vaults_1, items_5, swamp_end, shoals_end,
          snake_end, spider_end, vaults_end, d_27, items_6, zot_1, zot_end,
          crypt_end, forest_end, elf_end, slime_end, tomb_end, abyss_end,
          pan_hell_end]

Skill      XL: |  1  2  3  4  5  6  7  8  9 10 11 |
---------------+----------------------------------+-----
Armour         | 2 3 4 5 6 7 9 12 | 12.4
Fighting       | 3 4 6 7 8 9 12 | 12.7
Dodging        | 3 4 5 6 7 9 11 | 11.7
Throwing       | 5 6 8 9 10 11 14 | 14.9
Axes           | 5 10 | 10.0
Invocations    | 4 7 8 |  8.0
Evocations     | 5 9 13 15 | 15.0
Stealth        | |  0.7

Action                   |  1- 3 |  4- 6 |  7- 9 | 10-12 || total
-------------------------+-------+-------+-------+-------++-------
Melee: Short sword       |    15 |       |       |       ||    15
       Headbutt          |     2 |       |     1 |    15 ||    18
       War axe           |       |     5 |    12 |    76 ||    93
Throw: Javelin           |     5 |     8 |    18 |    71 ||   102
       Throwing net      |       |       |     1 |     2 ||     3
Evoke: Tin of tremorston |       |       |     2 |     5 ||     7
       Wand              |       |       |     3 |     4 ||     7
  Use: Potion            |       |       |       |     4 ||     4
       Scroll            |       |       |       |     2 ||     2
Armor: Leather armour    |     1 |       |       |       ||     1
       Chain mail        |       |     6 |    18 |    49 ||    73
Dodge: Dodged            |    11 |     7 |    22 |    53 ||    93

Table legend: (Time is in decaauts)
 A = Elapsed time spent in this place.
 B = Non-inter-level travel time spent in this place.
 C = Inter-level travel time spent in this place.
 D = Time resting spent in this place.
 E = Time spent auto-exploring this place.
 F = Levels seen in this place.
 G = Mean time per level.
                   A        B        C        D        E       F      G
               +--------+--------+--------+--------+--------+-----+--------+
         Total |   2405 |   2405 |      0 |    376 |   1438 |   1 | 2405.0 |
       Dungeon |   2405 |   2405 |      0 |    376 |   1438 |   1 | 2405.0 |
               +--------+--------+--------+--------+--------+-----+--------+

Top non-repeatable levels by time:
       D: 2405 daAuts
